 Dungeon Crawl Stone Soup version 0.30.1-4-g462c640d31 (console) character file.

Game seed: 6144818039133850837

6 shmup the Slasher (level 1, -4/17 HPs)
             Began as a Barachi Reaver on Sept 1, 2023.
             Killed from afar by a dart slug (5 damage)
             ... with a slug dart
             ... on level 1 of the Dungeon.
             The game lasted 00:01:04 (93 turns).

shmup the Slasher (Barachi Reaver)                    Turns: 93, Time: 00:01:05

Health: -4/17      AC:  3    Str: 13    XL:     1   Next: 90%
Magic:  3/3        EV: 11    Int: 13    God:
Gold:   30         SH:  0    Dex: 10    Spells: 3/4 levels left

rFire   . . .        a - +0 falchion
rCold   . . .        (no shield)
rNeg    . . .        b - +0 leather armour
rPois   .            (no helmet)
rElec   .            (no cloak)
rCorr   .            (no gloves)
SInv    .            (no boots)
Will    .....        (no amulet)
Stlth   +            (no ring)
HPRegen 0.22/turn    (no ring)
MPRegen 0.08/turn

%: no passive effects
@: slow
A: amphibious, slowness 1, strong legs 1, +LOS
a: Hop


You were on level 1 of the Dungeon.
You visited 1 branch of the dungeon, and saw 1 of its levels.

You collected 30 gold pieces.

Inventory:

Hand Weapons
 a - a +0 falchion (weapon)
Missiles
 d - 5 stones (quivered)
Armour
 b - a +0 leather armour (worn)
Scrolls
 c - a scroll of identify {unknown}


   Skills:
 - Level 2.4 Fighting
 + Level 4.2 Long Blades
 - Level 2.1 Dodging
 - Level 2.1 Spellcasting
 - Level 3.2 Conjurations


You had 3 spell levels left.
You knew the following spells:

 Your Spells              Type           Power      Damage    Failure   Level
a - Kiss of Death         Conj/Necr      20%        2d7       16%         1

Your spell library contained the following spells:

 Spells                   Type           Power      Damage    Failure   Level
 Momentum Strike          Conj/Tloc      10%        3d8       24%         2
 Hailstorm                Conj/Ice       5%         3d4       43%         3


Dungeon Overview and Level Annotations

Branches:
Dungeon (1/15) Zot: 5892

Altars:


Innate Abilities, Weirdness & Mutations

You are amphibious.
You cover ground slowly.
You can hop short distances.
You have an extended range of vision and can be seen from far away.


Message History

The kobold closely misses you.
You hit the kobold but do no damage.
The kobold is heavily wounded.
The kobold hits you with a +0 whip.
* * * LOW HITPOINT WARNING * * *
You barely miss the kobold.
The kobold is heavily wounded.
The kobold barely misses you.
You closely miss the kobold. Your punch misses the kobold.
The kobold is heavily wounded.
The kobold misses you.
You completely miss the kobold.
The kobold is heavily wounded.
The kobold completely misses you.
You closely miss the kobold.
The kobold is heavily wounded.
The kobold hits you with a +0 whip.
* * * LOW HITPOINT WARNING * * *
You barely miss the kobold.
The kobold is heavily wounded.
The kobold closely misses you.
You hit the kobold.
You kill the kobold!
The dart slug bites you but does no damage.
The dart slug launches a dart at you. The slug dart hits you.
* * * LOW HITPOINT WARNING * * *
Items here: %% ( )).
You hit the dart slug.
The dart slug is heavily wounded.
The dart slug bites you.
* * * LOW HITPOINT WARNING * * *
The dart slug closely misses you.
You completely miss the dart slug. The dart slug launches a dart at you.
The slug dart hits you.
* * * LOW HITPOINT WARNING * * *
The dart slug launches a dart at you. The slug dart hits you.
You die...

▒▒......▒▒ ▒.........
▒▒........▒▒▒ ▒.........
▒...........▒▒▒▒▒▒▒.........
▒...........................
▒.............▒▒▒▒▒......▒▒▒
...▒.....)......▒......%▒▒▒▒...
.................▒▒....▒).....▒
...▒▒........▒▒▒...▒....<.▒..▒.
▒........?..wF.....▒▒▒▒▒.▒ ▒..
...▒.........w▒▒▒.▒.......▒ ..
▒▒............▒ ▒.▒▒▒.▒...▒ ..
▒▒...........▒ .▒ ...▒
▒............▒ ▒[▒.
▒...[.......... .▒ .
...........▒▒▒. . ▒ ...........
▒ .)..▒▒...▒


You could see 2 dart slugs.

Vanquished Creatures
  A goblin (D:1)
  A hobgoblin (D:1)
  A quokka (D:1)
  2 kobolds (D:1)
5 creatures vanquished.

Notes
Turn   | Place    | Note
-------+----------+-------------------------------------------
     0 | D:1      | shmup the Barachi Reaver began the quest for the Orb.
     0 | D:1      | Reached XP level 1. HP: 17/17 MP: 3/3
    76 | D:1      | Reached skill level 4 in Long Blades
    93 | D:1      | Killed from afar by a dart slug

Illustrated notes

Levels and vault maps discovered:
D:1:      ebering_trefoil_3fold, layout_rooms, nicolae_titane

Skill      XL: |  1 |
---------------+----+-----
Long Blades    | 4 |  4.2
Fighting       | |  2.4
Dodging        | |  2.1
Spellcasting   | |  2.1
Conjurations   | |  3.2

Action                     || total
---------------------------++-------
  Melee: Falchion          ||    23
Ability: Hop               ||     1
 Armour: Leather armour    ||     7
  Dodge: Dodged            ||    23
